AoeStats
← Khirs

Oasis

509675644Analyzed
4v4 RM · 4d ago on Sep 27, 2026· 37m 53s· 8 players
Game mode
Random Map
Map size
Large (8 player)
Population
200
Speed
Normal
Resources
Standard
Victory
Conquest
Starting age
Dark Age
Ending age
Imperial Age
RankedLock teamsTeams togetherTeam positionsShared explorationLock speedFull tech treeHidden civsTurbo modeCheats
Victory
Defeat
🇮🇳 Khmer · India
816
+14
🇯🇵 Ethiopians · Japan
783
+15
🇲🇽 Byzantines · Mexico
758
+16
🇪🇸 Chinese · Spain
728
+19
🇩🇪 Japanese · Germany
815
-18
🇮🇹 Burgundians · Italy
806
-17
🇱🇧 Jurchens · Lebanon
747
-15
🇵🇱 Turks · Poland
713
-14
yabin.belrojo
10:57 Feudal Age
12:37 Wheelbarrow
12:19 Loom
12:29 Double-Bit Axe
22:12 Castle Age
21:22 Horse Collar
21:39 Gold Mining
24:42 Heavy Plow
29:19 Gold Shaft Mining
30:14 Stone Mining
34:31 Imperial Age
32:56 Bow Saw
34:17 Hand Cart
37:38 Two-Man Saw
37:13 Crop Rotation
RuinMireia
9:42 Feudal Age
10:22 Double-Bit Axe
12:40 Fletching
12:51 Padded Archer Armor
13:27 Horse Collar
13:55 Padded Archer Armor
23:31 Castle Age
23:24 Loom
24:14 Wheelbarrow
23:40 Crossbowman
24:27 Thumb Ring
24:37 Bow Saw
26:22 Bodkin Arrow
26:43 Leather Archer Armor
33:51 Hand Cart
34:04 Ballistics
33:55 Squires
34:25 Gold Mining
34:39 Scale Mail Armor
34:50 Forging
34:55 Heavy Plow
36:06 Arson
36:39 Chain Mail Armor
Khirs
1:06 Loom
13:14 Feudal Age
13:18 Man-at-Arms
20:04 Double-Bit Axe
23:11 Fletching
24:49 Stone Mining
27:40 Padded Archer Armor
30:21 Castle Age
30:27 Forging
31:44 Bow Saw
31:43 Bodkin Arrow
31:23 Pikeman
33:14 Murder Holes
34:12 Gold Mining
34:54 Ballistics
35:43 Gold Shaft Mining
35:08 Horse Collar
39:12 Imperial Age
37:19 Elite Skirmisher
EL Dor@do™
0:44 Loom
12:18 Feudal Age
19:07 Castle Age
17:12 Horse Collar
18:22 Double-Bit Axe
24:09 Bow Saw
25:08 Heavy Plow
30:35 Imperial Age
31:42 Double Crossbow
31:09 Heavy Scorpion
33:08 Chemistry
37:30 Conscription
37:35 Ballistics
38:06 Crop Rotation
woojt92
4:51 Loom
14:33 Feudal Age
16:08 Man-at-Arms
17:02 Town Watch
Renju94
6:59 Double-Bit Axe
7:59 Loom
11:35 Feudal Age
14:08 Gold Mining
18:09 Castle Age
16:30 Fletching
17:18 Padded Archer Armor
18:57 Bow Saw
20:20 Crossbowman
23:27 Gold Shaft Mining
22:56 Bodkin Arrow
25:49 Leather Archer Armor
29:12 Forging
30:15 Scale Barding Armor
33:15 Imperial Age
33:18 Cavalier
36:02 Chain Barding Armor
Asalen
1:48 Loom
12:07 Feudal Age
13:29 Wheelbarrow
12:42 Double-Bit Axe
13:15 Town Watch
15:01 Stone Mining
16:38 Man-at-Arms
19:04 Horse Collar
19:17 Gold Mining
20:09 Arson
24:40 Forging
24:30 Scale Mail Armor
26:27 Scale Mail Armor
29:19 Bloodlines
29:02 Fletching
29:12 Padded Archer Armor
29:17 Scale Barding Armor
33:37 Castle Age
34:39 Hand Cart
34:37 Bow Saw
34:30 Heavy Plow
36:03 Town Patrol
36:43 Gold Shaft Mining
36:10 Caravan
36:25 Fortified Wall
36:52 Masonry
36:26 Treadmill Crane
36:21 Long Swordsman
36:23 Crossbowman
Abo Haydar
0:33 Loom
11:14 Feudal Age
12:34 Wheelbarrow
11:47 Double-Bit Axe
19:09 Castle Age
17:30 Man-at-Arms
25:57 Hand Cart
26:50 Scale Barding Armor
28:48 Chain Barding Armor
32:04 Light Cavalry
36:13 Bloodlines
Connection lost

Rejoining the realm…

Still unreachable

The connection could not be restored.

Session expired

The server has moved on; the page needs a fresh start.